AoeStats
← PerfectNexus

Arena

508152300Analyzed
3v3 RM · 10d ago on Sep 21, 2026· 57m 24s· 6 players
Game mode
Random Map
Map size
Normal (6 player)
Population
200
Speed
Normal
Resources
Standard
Victory
Conquest
Starting age
Dark Age
Ending age
Imperial Age
RankedLock teamsTeams togetherTeam positionsShared explorationLock speedFull tech treeHidden civsTurbo modeCheats
Victory
Defeat
🇩🇪 Saracens · Germany
1009
+15
🇨🇦 Malians · Canada
984
+16
🇵🇪 Celts · Peru
928
+18
🇺🇸 Bulgarians · United States
1069
-19
🇲🇽 Aztecs · Mexico
971
-16
🇺🇸 Turks · United States
919
-14
PerfectNexus
11:20 Feudal Age
13:50 Wheelbarrow
13:10 Double-Bit Axe
16:08 Fletching
20:18 Castle Age
18:36 Gold Mining
22:12 Crossbowman
23:55 Bow Saw
26:34 Stone Mining
27:44 Fortified Wall
28:03 Bodkin Arrow
28:00 Pikeman
33:57 Imperial Age
31:43 Hand Cart
32:11 Gambesons
32:27 Squires
32:13 Arson
32:26 Horse Collar
33:57 Elite Jaguar Warrior
34:53 Forging
34:44 Scale Mail Armor
36:23 Iron Casting
36:04 Chain Mail Armor
37:32 Conscription
37:35 Garland Wars
39:26 Blast Furnace
41:39 Plate Mail Armor
41:56 Arbalester
42:39 Bracer
45:24 Chemistry
50:41 Ballistics
50:44 Padded Archer Armor
Kim Bong Un
11:46 Feudal Age
12:27 Feudal Age
17:02 Castle Age
15:09 Double-Bit Axe
15:06 Horse Collar
21:34 Imperial Age
20:43 Bow Saw
22:15 Padded Archer Armor
23:13 Wheelbarrow
22:25 Loom
22:25 Town Watch
27:20 Leather Archer Armor
31:05 Two-Man Saw
34:08 Ring Archer Armor
42:03 Conscription
46:11 Heavy Plow
46:02 Gold Mining
46:03 Stone Mining
47:04 Bloodlines
46:55 Husbandry
47:03 Scale Barding Armor
47:48 Hand Cart
47:32 Heavy Camel Rider
49:03 Hoardings
49:43 Chain Barding Armor
51:00 Plate Barding Armor
51:29 Artillery
NastyNate
11:21 Feudal Age
15:29 Castle Age
13:51 Double-Bit Axe
14:35 Horse Collar
17:57 Bow Saw
17:35 Loom
26:27 Wheelbarrow
26:07 Heavy Plow
29:26 Gambesons
29:42 Squires
29:28 Arson
31:56 Hand Cart
32:36 Pikeman
37:19 Imperial Age
34:37 Town Watch
35:04 Murder Holes
35:34 Masonry
36:07 Stirrups
36:30 Bloodlines
36:30 Scale Barding Armor
36:26 Scale Mail Armor
37:22 Forging
37:32 Chain Barding Armor
37:29 Chain Mail Armor
37:59 Husbandry
37:22 Cavalier
38:46 Iron Casting
38:41 Conscription
38:52 Ballistics
39:33 Chemistry
38:50 Halberdier
43:15 Plate Mail Armor
43:46 Blast Furnace
44:30 Padded Archer Armor
45:32 Blast Furnace
45:07 Plate Barding Armor
46:50 Gold Mining
48:44 Fletching
52:03 Town Patrol
mxn
10:17 Feudal Age
14:38 Castle Age
13:09 Double-Bit Axe
21:07 Wheelbarrow
22:29 Horse Collar
23:37 Bow Saw
24:09 Gold Mining
26:31 Hand Cart
29:28 Imperial Age
27:54 Bloodlines
27:58 Scale Barding Armor
27:54 Loom
29:31 Forging
30:45 Chain Barding Armor
31:31 Iron Casting
34:11 Town Watch
34:20 Gambesons
34:36 Squires
34:21 Arson
33:57 Man-at-Arms
35:20 Town Patrol
36:24 Blast Furnace
35:25 Scale Mail Armor
34:52 Long Swordsman
34:58 Long Swordsman
37:16 Two-Man Saw
36:07 Two-Handed Swordsman
38:19 Champion
40:48 Chain Mail Armor
40:24 Fletching
48:00 Bodkin Arrow
50:42 Plate Mail Armor
50:13 Bracer
50:15 Padded Archer Armor
50:31 Elite Skirmisher
52:43 Leather Archer Armor
54:46 Chemistry
54:07 Ballistics
57:58 Ring Archer Armor
58:04 Plate Barding Armor
crabjuice
5:03 Loom
12:21 Feudal Age
13:27 Double-Bit Axe
13:23 Horse Collar
14:47 Wheelbarrow
19:09 Castle Age
17:57 Gold Mining
18:55 Forging
20:17 Bow Saw
20:10 Heavy Plow
21:19 Stone Mining
23:35 Iron Casting
23:32 Treadmill Crane
26:24 Hand Cart
26:16 Husbandry
26:26 Bloodlines
26:29 Scale Barding Armor
30:33 Chain Barding Armor
30:14 Scale Mail Armor
30:58 Gold Shaft Mining
31:35 Devotion
34:40 Imperial Age
35:27 Farimba
35:49 Conscription
36:44 Stone Shaft Mining
36:04 Cavalier
40:00 Chemistry
39:21 Ballistics
39:13 Masonry
46:55 Plate Barding Armor
52:11 Hoardings
53:56 Light Cavalry
Santísima TRINIDAD
10:55 Feudal Age
15:21 Castle Age
13:39 Stone Mining
13:57 Double-Bit Axe
16:20 Wheelbarrow
18:40 Bow Saw
30:09 Imperial Age
28:31 Hand Cart
29:08 Gold Mining
32:06 Elite Skirmisher
34:38 Ballistics
34:10 Horse Collar
36:14 Conscription
37:29 Chemistry
36:50 Pikeman
38:13 Loom
38:43 Forging
38:33 Scale Mail Armor
39:31 Gambesons
39:06 Halberdier
41:49 Iron Casting
41:14 Scale Mail Armor
41:24 Elite Woad Raider
45:43 Fletching
45:53 Padded Archer Armor
45:43 Fletching
49:52 Heavy Plow
54:18 Furor Celtica
54:04 Stronghold
55:55 Arson
55:31 Man-at-Arms
Connection lost

Rejoining the realm…

Still unreachable

The connection could not be restored.

Session expired

The server has moved on; the page needs a fresh start.